 Dungeon Crawl Stone Soup version 0.22-a0-93-g6b88ebb (webtiles) character file.

24712 4thArraOfDagon the Fighter (level 12, -4/108 HPs)
             Began as a Mummy Enchanter on Jan 23, 2018.
             Was an Initiate of Gozag.
             Slain by a spiny frog (21 damage)
             ... on level 1 of the Lair of Beasts on Jan 24, 2018.
             The game lasted 01:01:39 (13816 turns).

4thArraOfDagon the Fighter (Mummy Enchanter)       Turns: 13816, Time: 01:01:39

Health: -4/108     AC:  5    Str: 11    XL:     12   Next: 83%
Magic:  25/25      EV: 18    Int: 19    God:    Gozag
Gold:   883        SH:  0    Dex:  8    Spells: 21/29 levels left

rFire    + . .     SeeInvis .   u - +5 rapier (venom)
rCold    + + .     Gourm    .   (no shield)
rNeg     + + +     Faith    .   v - +0 robe "Trusted Companion" {rElec MR+ Regen+ Dex-5}
rPois    ∞         Spirit   .   (no helmet)
rElec    +         Reflect  .   C - scarf {rC+ rF+}
rCorr    .         Harm     .   (no gloves)
MR       ++...                  A - +1 pair of boots
Stlth    ++........             (no amulet)
HPRegen  0.68/turn              h - +3 ring of evasion
MPRegen  0.19/turn              f - ring of protection from fire

@: gold aura
A: no food or potions, fire vulnerability, cold resistance 1, negative energy
resistance 3, torment resistance, unbreathing
a: Potion Petition, Call Merchant, Bribe Branch, Renounce Religion


You were on level 1 of the Lair of Beasts.
You worshipped Gozag.
Gozag was pleased with you.
You were not hungry.

You visited 3 branches of the dungeon, and saw 15 of its levels.
You also visited: Ice Cave.

You collected 5188 gold pieces.
You spent 971 gold pieces at shops.
You paid 3334 gold pieces to Gozag.

Inventory:

Hand Weapons
 a - a +1 dagger
 l - a +1 rapier of protection
 u - a +5 rapier of venom (weapon)
 y - a +0 scythe
Armour
 b - a +0 robe
 o - a +0 ring mail
 t - a +0 ring mail of positive energy
 v - the +0 robe "Trusted Companion" (worn) {rElec MR+ Regen+ Dex-5}
   (You bought it in a shop on level 8 of the Dungeon)

   It affects your dexterity (-5).
   It insulates you from electricity.
   It affects your resistance to hostile enchantments.
   It increases your rate of regeneration.
 A - a +1 pair of boots (worn)
 C - a scarf of resistance (worn)
Magical Staves
 B - an uncursed staff of air
Jewellery
 d - an uncursed ring of protection from cold
 f - a ring of protection from fire (right hand)
 h - a +3 ring of evasion (left hand)
 D - an uncursed ring of protection from cold
Wands
 n - a wand of flame (1)
Scrolls
 c - a scroll of teleportation
 e - 3 scrolls of amnesia
 g - 15 scrolls of remove curse
 i - a scroll of magic mapping
 j - 3 scrolls of enchant armour {unknown}
 k - a scroll of fog
 r - 2 scrolls of immolation
 x - 2 scrolls of random uselessness
 z - 2 scrolls of noise


   Skills:
 + Level 14.4 Fighting
 - Level 3.0 Short Blades
 - Level 8.4 Armour
 - Level 8.0 Dodging
 - Level 2.4 Stealth
 - Level 9.4 Spellcasting
 - Level 2.6 Hexes


You had 21 spell levels left.
You knew the following spells:

 Your Spells              Type           Power        Failure   Level  Hunger
a - Corona                Hex            ###....      2%          1    N/A
b - Ensorcelled Hibernat  Hex/Ice        ##....       7%          2    N/A
c - Confuse               Hex            ###.....     8%          3    N/A
d - Apportation           Tloc           #.....       8%          1    N/A
e - Animate Skeleton      Necr           N/A          8%          1    N/A

Dungeon Overview and Level Annotations

Branches:
Dungeon (12/15)            Temple (0/1) D:4            Lair (1/6) D:10
    Orc (2/2) D:10            Elf (0/3) Orc:2

Altars:
Ashenzari
Cheibriados
Elyvilon
Fedhas
Gozag
Kikubaaqudgha
Okawaru
Sif Muna
Wu Jian
Xom
Yredelemnul
Zin

Shops:
D:5 *   D:6 }   D:8 *   D:11 [   Orc:2 (?:*}%

Portals:
Trove: D:10 (give 22 scrolls of identify)

Annotations:
D:4 Daviar's ghost, amateur DsMo
D:11 Urug
Orc:1 Donald


Innate Abilities, Weirdness & Mutations

You do not eat or drink.
Your flesh is vulnerable to fire.
You are immune to poison.
Your flesh is cold resistant. (rC+)
You are immune to negative energy. (rN+++)
You are immune to unholy pain and torment.
You can survive without breathing.


Message History

You hit the spiny frog.
The spiny frog is heavily wounded.
The spiny frog stings you!
* * * LOW HITPOINT WARNING * * *
Unknown command.
Unknown command.
You barely miss the spiny frog.
The spiny frog is heavily wounded.
The spiny frog barely misses you.
Unknown command.
You hit the spiny frog but do no damage.
The spiny frog is heavily wounded.
The spiny frog completely misses you.
Unknown command.
You hit the spiny frog but do no damage.
The spiny frog is poisoned.
The spiny frog is heavily wounded.
The spiny frog stings you!!
You die...
Your body crumbles into a pile of gold.

###############
#........$F..P#
#.#########@.##
#.P# #P..# #F##
##..# #.# #..#
#.#######P#..#
#............#
#............#
####
#..#####......
#...##.##


You could see a spiny frog.

Vanquished Creatures
  An orc warlord (Orc:1)
  A two-headed ogre (Orc:2)
  3 orc high priests (Orc:2)
  2 unseen horrors
  Pikel (D:5)
  5 orc knights
  3 ugly things
  A manticore (D:11)
  5 orc sorcerers
  Maurice (D:11)
  2 komodo dragons
  3 trolls
  7 hippogriffs
  Sigmund (D:5)
  2 wyverns
  7 yaks
  A steam dragon (D:10)
  Grum (D:9)
  2 wargs
  15 ice beasts
  23 orc warriors
  3 black bears
  2 slaves (D:5)
  3 centaurs
  8 ogres
  3 phantoms
  3 wolves (D:9)
  7 big kobolds
  4 bullfrogs
  A wyvern zombie (D:9)
  2 gnoll sergeants (D:10)
  4 scorpions
  14 wights
  A killer bee (D:9)
  4 crimson imps
  2 howler monkeys (D:9)
  A bullfrog zombie (D:9)
  A centaur zombie (D:5)
  A gnoll shaman (D:9)
  A quasit (D:5)
  3 hounds
  A jelly (D:7)
  16 orc priests
  2 bullfrog skeletons
  An iron imp (D:9)
  3 iguanas
  Terence (D:2)
  21 orc wizards
  7 worker ants
  2 killer bee zombies
  2 hound zombies
  2 hound skeletons
  A howler monkey zombie (D:10)
  14 gnolls
  13 adders
  A shadow imp (D:6)
  2 oozes
  2 adder skeletons (D:9)
  An adder zombie (D:9)
  A worm (D:6)
  A leopard gecko (D:11)
  72 orcs
  5 bats
  5 giant cockroaches
  7 goblins
  4 hobgoblins
  4 jackals
  17 kobolds
  6 quokkas
  A ball python (D:2)
  5 frilled lizards
  A jackal skeleton (D:9)
  A quokka skeleton (D:7)
  A quokka zombie (D:9)
  5 rats
383 creatures vanquished.

Vanquished Creatures (collateral kills)
  A shadow imp (D:10)
1 creature vanquished.

Vanquished Creatures (others)
  An orc (D:11)
1 creature vanquished.

Grand Total: 385 creatures vanquished

Notes
Turn   | Place    | Note
-------+----------+-------------------------------------------
     0 | D:1      | 4thArraOfDagon the Mummy Enchanter began the quest for the Orb.
     0 | D:1      | Reached XP level 1. HP: 13/13 MP: 4/4
    94 | D:1      | Reached skill level 1 in Short Blades
   215 | D:1      | Reached XP level 2. HP: 9/19 MP: 5/5
   229 | D:1      | 4thArraOfDagon: will try ru
   295 | D:1      | Learned a level 2 spell: Ensorcelled Hibernation
   463 | D:3      | Found a blossoming altar of Fedhas.
   554 | D:2      | Found a glowing silver altar of Zin.
   571 | D:2      | Noticed Terence
   600 | D:2      | Reached XP level 3. HP: 18/24 MP: 1/7
   655 | D:2      | Found an ornate altar of the Wu Jian Council.
   658 | D:2      | Found a shattered altar of Ashenzari.
   661 | D:2      | Found a deep blue altar of Sif Muna.
   664 | D:2      | Found an iron altar of Okawaru.
   802 | D:3      | Found a white marble altar of Elyvilon.
  1121 | D:4      | Reached skill level 1 in Fighting
  1121 | D:4      | Reached XP level 4. HP: 32/32 MP: 8/8
  1141 | D:4      | Learned a level 3 spell: Confuse
  1142 | D:4      | Noticed Daviar's ghost (amateur DsMo)
  1204 | D:4      | Found an opulent altar of Gozag.
  1210 | D:4      | 4thArraOfDagon: h
  1210 | D:4      | Became a worshipper of Gozag Ym Sagoz the Greedy
  1213 | D:4      | Thaneod: :)
  1380 | D:4      | Noticed a phantom
  1529 | D:2      | :O
  1536 | D:2      | Killed Terence
  1536 | D:2      | Reached skill level 2 in Fighting
  1716 | D:2      | Reached skill level 3 in Fighting
  1716 | D:2      | Reached XP level 5. HP: 41/41 MP: 2/9
  2377 | D:4      | Noticed a phantom
  2414 | D:4      | Killed a phantom
  2414 | D:4      | Reached skill level 4 in Fighting
  2418 | D:4      | Found a staircase to the Ecumenical Temple.
  2657 | D:4      | Reached XP level 6. HP: 27/49 MP: 3/10
  2709 | D:5      | Entered Level 5 of the Dungeon
  2735 | D:5      | Found Ziskauth's General Store.
  2743 | D:5      | Bought a +3 rapier of venom for 261 gold pieces
  2762 | D:5      | Reached skill level 5 in Fighting
  3094 | D:5      | Turgon: ?? corona
  3097 | D:5      | beem: corona[1/1]: Outlines the target in light, making them easier to hit (by boosting your to-hit randomly between 2 and 9). Makes invisible things (temporarily) visible. Tastes less pissy with a wedge of lime. Don't leave it in direct sunlight.
  3104 | D:5      | Noticed Pikel
  3104 | D:5      | Noticed a slave
  3109 | D:5      | Noticed Sigmund
  3122 | D:5      | Killed Sigmund
  3122 | D:5      | Reached skill level 1 in Armour
  3122 | D:5      | Reached XP level 7. HP: 26/57 MP: 11/11
  3282 | D:5      | Killed Pikel
  3282 | D:5      | Reached skill level 6 in Fighting
  3282 | D:5      | Reached XP level 8. HP: 45/65 MP: 12/12
  3325 | D:5      | Found a basalt altar of Yredelemnul.
  3667 | D:6      | Learned a level 1 spell: Apportation
  3669 | D:6      | Learned a level 1 spell: Animate Skeleton
  3681 | D:6      | Found an opulent altar of Gozag.
  3865 | D:6      | Reached skill level 7 in Fighting
  4287 | D:6      | Found Ratsora's Gadget Shop.
  4295 | D:6      | Bought a wand of paralysis (11) for 182 gold pieces
  4295 | D:6      | Bought a wand of paralysis (10) for 168 gold pieces
  4455 | D:7      | Found an ancient bone altar of Kikubaaqudgha.
  5858 | D:8      | Identified a scroll of acquirement
  5953 | D:8      | 4thArraOfDagon: ??acq
  5953 | D:8      | beem: acquirement[1/3]: Will give you a (usable) random item moderately likely to be better than a random item off the ground! See also ?? acquirement, where is book, staff, weapon, jewellery, armour, misc, gold, food, wand, e.g. {weapon acquirement}. misc and wand acquirement merged into {evocable acquirement} in 0.20.
  5953 | D:8      | 4thArraOfDagon: ??acq[2
  5953 | D:8      | beem: acquirement[2/3]: Do not use over lava or deep water! What kind of item would you like to acquire? (\ to view known items) Something appears before you! You hear a sizzling splash.
  5953 | D:8      | 4thArraOfDagon: ??acq[3
  5953 | D:8      | beem: acquirement[3/3]: You finish putting on the -9 naga barding of Ypurch {Dex-3 Int-2}.
  5956 | D:8      | Bought a scroll labeled VYTAEDEAXT for 31 gold pieces
  5956 | D:8      | Bought a scroll labeled QAUNEP BUITE for 31 gold pieces
  5956 | D:8      | Bought a heavily jewelled robe for 176 gold pieces
  5966 | D:8      | Identified the +0 robe "Trusted Companion" {rElec MR+ Regen+ Dex-5} (You bought it in a shop on level 8 of the Dungeon)
  6261 | D:9      | Reached XP level 9. HP: 66/72 MP: 13/15
  6294 | D:9      | Found a snail-covered altar of Cheibriados.
  6387 | D:9      | Reached skill level 5 in Dodging
  6387 | D:9      | Reached skill level 5 in Spellcasting
  6406 | D:9      | Reached skill level 8 in Fighting
  6445 | D:9      | Reached skill level 5 in Armour
  6537 | D:9      | Found a runed door.
  6659 | D:9      | Found a white marble altar of Elyvilon.
  6716 | D:9      | Found a shimmering altar of Xom.
  6785 | D:9      | Reached XP level 10. HP: 46/82 MP: 21/21
  7025 | D:9      | Noticed Grum
  7179 | D:9      | Killed Grum
  7291 | D:9      | Found a runed door.
  7323 | D:10     | Entered Level 10 of the Dungeon
  7535 | D:10     | Found a staircase to the Orcish Mines.
  7655 | D:10     | Noticed an unseen horror
  7665 | D:10     | Killed an unseen horror
  7665 | D:10     | Reached skill level 9 in Fighting
  7797 | D:10     | Thaneod: armor 6 with robe:>?
  7827 | D:10     | Noticed an unseen horror
  7924 | D:10     | Noticed a brown ugly thing
  7936 | D:10     | Killed a brown ugly thing
  7943 | D:10     | Noticed a death yak
  7943 | D:10     | Noticed a death yak
  7949 | D:11     | Noticed an unseen horror
  7968 | D:11     | Killed an unseen horror
  7997 | D:11     | Noticed Maurice
  8024 | D:11     | Found a frozen archway.
  8103 | D:11     | Noticed a manticore
  8106 | D:11     | Reached XP level 11. HP: 80/89 MP: 24/24
  8146 | IceCv    | Entered an ice cave
  8295 | IceCv    | Noticed a white ugly thing
  8312 | D:11     | 4thArraOfDagon: :(
  8332 | D:11     | Thaneod: not gadget for more evo?
  8341 | D:11     | 4thArraOfDagon: no weapon
  8451 | D:11     | Noticed Urug
  8562 | D:11     | Noticed a red ugly thing
  8576 | D:11     | Killed a red ugly thing
  8576 | D:11     | Reached skill level 10 in Fighting
  8811 | D:10     | Found a portal to a secret trove of treasure.
  8880 | D:12     | Noticed a purple ugly thing
  8895 | D:12     | Killed a purple ugly thing
  9212 | D:11     | Killed Maurice
  9593 | D:10     | Noticed a death yak
  9594 | D:10     | Noticed a death yak
  9685 | Orc:1    | Entered Level 1 of the Orcish Mines
  9769 | Orc:1    | Noticed an orc knight
  9903 | Orc:1    | Killed an orc knight
  9979 | Orc:2    | Entered Level 2 of the Orcish Mines
  9979 | Orc:2    | Noticed Donald
  9979 | Orc:2    | Noticed an orc warlord
  9979 | Orc:2    | Noticed an orc sorcerer
  9980 | Orc:2    | :O
  9980 | Orc:2    | Thaneod: hah
  9980 | Orc:2    | 4thArraOfDagon: wo
 10105 | Orc:1    | Killed an orc warlord
 10105 | Orc:1    | Reached skill level 11 in Fighting
 10172 | Orc:1    | Thaneod: wand of dig?
 10181 | Orc:1    | Noticed an orc knight
 10189 | Orc:1    | Noticed an orc high priest
 10196 | Orc:1    | Noticed an orc warlord
 10210 | Orc:1    | 4thArraOfDagon: no wands
 10213 | Orc:1    | Noticed an orc sorcerer
 10220 | Orc:1    | Noticed a soul eater
 10587 | Orc:2    | Found a staircase to the Elven Halls.
 10884 | Orc:2    | Noticed a two-headed ogre
 10917 | Orc:2    | Killed a two-headed ogre
 10917 | Orc:2    | Reached XP level 12. HP: 46/100 MP: 25/25
 11557 | Orc:2    | Noticed an orc high priest
 11604 | Orc:2    | Thaneod: hah he lost a way
 11622 | Orc:2    | O
 11724 | Orc:2    | Reached skill level 12 in Fighting
 11738 | Orc:2    | Killed an orc high priest
 12200 | Orc:2    | Paralysed by an orc sorcerer for 7 turns
 12392 | Orc:2    | Reached skill level 13 in Fighting
 12493 | Orc:2    | Noticed an orc high priest
 12808 | Orc:2    | Noticed an orc high priest
 12881 | Orc:2    | Killed an orc high priest
 12988 | Orc:2    | Found Wiexus's General Store.
 12988 | Orc:2    | Found Udiadeo's Book Shop.
 12989 | Orc:2    | Found Oczo's Food Emporium.
 12990 | Orc:2    | Found Xilonue's Gadget Emporium.
 12997 | Orc:2    | Bought a scroll of teleportation for 45 gold pieces
 13079 | Orc:2    | Killed an orc high priest
 13143 | Orc:2    | Bought a scroll of magic mapping for 49 gold pieces
 13143 | Orc:2    | Bought a scroll of fog for 28 gold pieces
 13276 | D:10     | Noticed a death yak
 13410 | D:9      | Reached skill level 14 in Fighting
 13638 | D:10     | Found a staircase to the Lair.
 13779 | Lair:1   | Entered Level 1 of the Lair of Beasts
 13816 | Lair:1   | Slain by a spiny frog

Vault maps used:
D:1:      kilobyte_arrival_exit_the_forest
D:2:      grunt_temple_overflow_cloverleaf, marbit_many_paths, serial_forest,
          infiniplex_forest_straight_2, infiniplex_forest_lined_3,
          infiniplex_forest_straight_2, infiniplex_forest_clump_double,
          infiniplex_forest_clump_large, infiniplex_forest_clump_diagonal,
          infiniplex_forest_clump_long, hex_tiny, uniq_terence
D:3:      nicolae_overflow_crystal_walls, lemuel_round_altar, first_ration,
          minivault_19
D:4:      old_standard_altar, minmay_temple_entry_metal_lava
D:5:      basic_altar, serial_shops, shop, uniq_pikel, uniq_sigmund
D:6:      serial_shops, nicolae_shop_crystal, basic_altar
D:7:      kiku_gazebo_pond_becter
D:9:      cheibrodos_histonic, slow_altar_2, brannock_xom_greatest_gift,
          elyvilon_altar_5, uniq_grum
D:10:     dpeg_lair_monsters, kennysheep_orc_monster_closet_entryway,
          enter_trove_6
D:11:     portal_ice_cave_entry_ice_beasts, hangedman_little_slice_of_home,
          uniq_maurice, uniq_urug
D:12:     palyth_stone_intersect
Lair:1:   gammafunk_cloud_chamber, serial_bayou_ford_a, serial_bayou_pond_c,
          grunt_forest_large_clearing_hut
Orc:2:    st_orc_elflike, uniq_donald
IceCv:    ice_cave_statue_garden_chambered

Skill      XL: |  1  2  3  4  5  6  7  8  9 10 11 12 |
---------------+-------------------------------------+-----
Short Blades   | 1 2 3 |  3.0
Fighting       | 1 3 4 5 6 7 8 9 11 14 | 14.4
Dodging        | 2 3 4 5 6 8 |  8.0
Armour         | 1 2 4 5 6 8 |  8.4
Spellcasting   | 4 7 9 |  9.4
Stealth        | |  2.4
Hexes          | |  2.6

Action                   |  1- 3 |  4- 6 |  7- 9 | 10-12 || total
-------------------------+-------+-------+-------+-------++-------
Melee: Dagger            |    80 |       |       |       ||    80
       Rapier            |    14 |   176 |   345 |  1234 ||  1769
Throw: Throwing net      |       |       |       |     1 ||     1
 Cast: Corona            |    12 |     8 |     3 |    66 ||    89
       Ensorcelled Hiber |     8 |     7 |     1 |     4 ||    20
       Confuse           |       |     4 |     6 |    35 ||    45
Invok: Call Merchant     |       |       |     1 |     3 ||     4
       Potion Petition   |       |       |       |     1 ||     1
Evoke: Wand              |       |     5 |     9 |    33 ||    47
  Use: Scroll            |       |     2 |     7 |    12 ||    21
 Stab: Sleeping          |    13 |     6 |     2 |     5 ||    26
       Distracted        |       |       |     1 |     2 ||     3
       Confused          |       |       |     1 |     4 ||     5
       Paralysed         |       |       |     5 |    35 ||    40
       Held in net/web   |       |       |       |     1 ||     1
Armor: Robe              |    23 |    41 |    34 |   142 ||   240
       Ring mail         |       |       |     4 |       ||     4
Dodge: Dodged            |    63 |   123 |   210 |   971 ||  1367

Table legend:
 A = Spawn XP
 B = Non-spawn XP
 C = Spawn XP percentage of total XP
 D = Spawn monster count
 E = Non-spawn monster count
 F = Spawn count percentage of total count
 G = Total turns spent on level
                    A         B        C        D         E        F      G
               +---------+---------+-------+---------+---------+-------+---------
         Total |       0 |   35303 |   0.0 |       0 |     382 |   0.0 | 13816
               +---------+---------+-------+---------+---------+-------+---------
           D:1 |       0 |      19 |   0.0 |       0 |      13 |   0.0 |   851
           D:2 |       0 |     123 |   0.0 |       0 |      21 |   0.0 |   791
           D:3 |       0 |      37 |   0.0 |       0 |      10 |   0.0 |   377
           D:4 |       0 |     236 |   0.0 |       0 |      14 |   0.0 |   690
           D:5 |       0 |    1166 |   0.0 |       0 |      17 |   0.0 |   803
           D:6 |       0 |     700 |   0.0 |       0 |      15 |   0.0 |   934
           D:7 |       0 |     243 |   0.0 |       0 |      12 |   0.0 |   963
           D:8 |       0 |     142 |   0.0 |       0 |       3 |   0.0 |   868
           D:9 |       0 |    6024 |   0.0 |       0 |      74 |   0.0 |  1361
          D:10 |       0 |    4681 |   0.0 |       0 |      58 |   0.0 |  1296
          D:11 |       0 |    4912 |   0.0 |       0 |      38 |   0.0 |   981
          D:12 |       0 |     793 |   0.0 |       0 |       9 |   0.0 |   156
        Lair:1 |       0 |     372 |   0.0 |       0 |       1 |   0.0 |    37
         Orc:1 |       0 |    4422 |   0.0 |       0 |      18 |   0.0 |   814
         Orc:2 |       0 |   10650 |   0.0 |       0 |      73 |   0.0 |  2730
         IceCv |       0 |     783 |   0.0 |       0 |       6 |   0.0 |   164
               +---------+---------+-------+---------+---------+-------+---------
